2890 views
Uploaded 2020-04-05 23:01:50
Game version 1.32.0.4
14:18 long 2on2 ladder game on (4)TidewaterGlades_LV
Saved by Another
2890 views
Uploaded 2020-04-05 23:01:50
Game version 1.32.0.4
14:18 long 2on2 ladder game on (4)TidewaterGlades_LV


39 units @ 6.2k
/ 0.8k
27 buildings @ 3.5k
/ 1.2k



| Scroll of Regeneration | 1 | 100 |
| total: | 1 | 100g |
| Peasant | 10 | 750 | / | 0 |
| Rifleman | 6 | 1230 | / | 180 |
| Priest | 2 | 270 | / | 20 |
| Sorceress | 2 | 310 | / | 40 |
| Spell Breaker | 1 | 215 | / | 30 |
| total: | 21 | 2775g | / | 270w |
| Altar of Kings | 1 | 180 | / | 50 |
| Farm | 10 | 800 | / | 200 |
| Barracks | 1 | 160 | / | 60 |
| Blacksmith | 1 | 140 | / | 60 |
| Arcane Vault | 1 | 130 | / | 30 |
| Arcane Sanctum | 2 | 300 | / | 280 |
| Keep | 1 | 320 | / | 210 |
| Castle | 1 | 360 | / | 210 |
| total: | 16 | 1710g | / | 680w |
| 0:04 | Peasant |
| 0:04 | Peasant |
| 0:11 | Altar of Kings |
| 0:21 | Farm |
| 0:26 | Peasant |
| 0:42 | Peasant |
| 0:42 | Peasant |
| 0:56 | Peasant |
| 1:06 | Barracks |
| 1:09 | Peasant |
| 1:09 | Peasant |
| 1:19 | Farm |
| 1:40 | Blacksmith |
| 1:50 | Peasant |
| 2:00 | Peasant |
| 2:08 | Farm |
| 2:19 | Summon Water Elemental |
| 2:26 | Rifleman |
| 2:30 | Farm |
| 2:52 | Rifleman |
| 3:12 | Rifleman |
| 3:40 | Keep |
| 4:00 | Brilliance Aura |
| 4:07 | Rifleman |
| 4:31 | Farm |
| 4:32 | Farm |
| 5:16 | Rifleman |
| 5:24 | Summon Water Elemental |
| 6:03 | Arcane Sanctum |
| 6:27 | Arcane Sanctum |
| 6:31 | Castle |
| 6:33 | Black Gunpowder |
| 6:43 | Arcane Vault |
| 7:27 | Storm Bolt |
| 8:11 | Priest |
| 8:16 | Scroll of Regeneration |
| 8:41 | Long Rifles |
| 8:43 | Priest Adept Training |
| 8:44 | Priest |
| 8:51 | Sorceress Adept Training |
| 9:15 | Farm |
| 9:32 | Sorceress |
| 9:36 | Farm |
| 9:52 | Priest Master Training |
| 9:54 | Brilliance Aura |
| 10:01 | Bash |
| 10:22 | Farm |
| 10:24 | Farm |
| 11:22 | Holy Light |
| 11:31 | Storm Bolt |
| 11:55 | Sorceress Master Training |
| 11:55 | Sorceress |
| 11:57 | Rifleman |
| 12:00 | Refined Gunpowder |
| 12:00 | Studded Leather Armor |
| 13:25 | Spell Breaker |
| 13:41 | Summon Water Elemental |
| 14:11 | Devotion Aura |
| Right click | 348 |
| Select | 196 |
| Misc. action | 103 |
| Build/train/purchase | 80 |
| Select group | 48 |
| Assign group | 16 |
| Chat | 11 |
| Use ability | 9 |
| Item give/drop | 4 |
| Minimap ping | 1 |



| Rod of Necromancy | 4 | 600 |
| Orb of Corruption | 1 | 375 |
| Scroll of Healing | 1 | 250 |
| Circlet of Nobility | 1 | 175 |
| Potion of Lesser Invulnerability | 1 | 150 |
| total: | 8 | 1550g |
| Acolyte | 2 | 150 | / | 0 |
| Ghoul | 2 | 240 | / | 0 |
| Crypt Fiend | 11 | 2365 | / | 440 |
| Obsidian Statue | 2 | 400 | / | 70 |
| Abomination | 1 | 240 | / | 70 |
| total: | 18 | 3395g | / | 580w |
| Nerubian Tower | 2 | 200 | / | 40 |
| Crypt | 1 | 200 | / | 50 |
| Graveyard | 1 | 215 | / | 0 |
| Altar of Darkness | 1 | 180 | / | 50 |
| Ziggurat | 6 | 900 | / | 300 |
| Tomb of Relics | 1 | 130 | / | 30 |
| Slaughterhouse | 1 | 140 | / | 135 |
| Halls of the Dead | 1 | 320 | / | 210 |
| Black Citadel | 1 | 325 | / | 230 |
| total: | 11 | 1765g | / | 565w |
| 0:02 | Acolyte |
| 0:09 | Crypt |
| 0:16 | Graveyard |
| 0:19 | Acolyte |
| 0:43 | Altar of Darkness |
| 0:58 | Ziggurat |
| 1:10 | Ghoul |
| 1:39 | Tomb of Relics |
| 1:49 | Crypt Fiend |
| 2:03 | Ziggurat |
| 2:23 | Crypt Fiend |
| 2:23 | Crypt Fiend |
| 2:23 | Crypt Fiend |
| 2:46 | Rod of Necromancy |
| 2:46 | Rod of Necromancy |
| 2:56 | Death Coil |
| 2:59 | Crypt Fiend |
| 2:59 | Crypt Fiend |
| 3:32 | Ghoul |
| 3:49 | Unholy Aura |
| 4:01 | Halls of the Dead |
| 4:26 | Crypt Fiend |
| 4:29 | Creature Attack |
| 4:48 | Ziggurat |
| 4:51 | Nerubian Tower |
| 5:04 | Death Coil |
| 5:20 | Ziggurat |
| 5:21 | Rod of Necromancy |
| 5:41 | Crypt Fiend |
| 6:28 | Crypt Fiend |
| 6:41 | Slaughterhouse |
| 7:14 | Rod of Necromancy |
| 7:28 | Frost Nova |
| 7:44 | Black Citadel |
| 8:01 | Obsidian Statue |
| 8:37 | Frost Armor |
| 8:38 | Unholy Aura |
| 8:57 | Obsidian Statue |
| 9:00 | Improved Creature Attack |
| 9:33 | Circlet of Nobility |
| 9:34 | Potion of Lesser Invulnerability |
| 9:34 | Scroll of Healing |
| 10:49 | Crypt Fiend |
| 11:23 | Crypt Fiend |
| 11:25 | Disease Cloud |
| 11:26 | Abomination |
| 11:36 | Frost Nova |
| 12:02 | Ziggurat |
| 12:06 | Ziggurat |
| 12:24 | Death Coil |
| 12:31 | Silence |
| 12:41 | Orb of Corruption |
| Right click | 593 |
| Select group | 561 |
| Select | 265 |
| Assign group | 180 |
| Misc. action | 110 |
| Build/train/purchase | 73 |
| Chat | 50 |
| Use ability | 27 |
| Item give/drop | 4 |
| Esc | 1 |
55 units @ 8.7k
/ 1.2k
22 buildings @ 3.5k
/ 1.3k


| Rod of Necromancy | 1 | 150 |
| Orb of Corruption | 1 | 375 |
| Scroll of Town Portal | 1 | 350 |
| total: | 3 | 875g |
| Acolyte | 3 | 225 | / | 0 |
| Ghoul | 9 | 1080 | / | 0 |
| Necromancer | 7 | 1015 | / | 140 |
| Abomination | 5 | 1200 | / | 350 |
| Satyr Shadowdancer | 1 | 255 | / | 30 |
| Furbolg Shaman | 1 | 255 | / | 30 |
| total: | 26 | 4030g | / | 550w |
| Spirit Tower | 1 | 145 | / | 40 |
| Altar of Darkness | 1 | 180 | / | 50 |
| Ziggurat | 5 | 750 | / | 250 |
| Crypt | 1 | 200 | / | 50 |
| Tomb of Relics | 1 | 130 | / | 30 |
| Graveyard | 1 | 215 | / | 0 |
| Temple of the Damned | 1 | 155 | / | 140 |
| Slaughterhouse | 1 | 140 | / | 135 |
| Halls of the Dead | 1 | 320 | / | 210 |
| Black Citadel | 1 | 325 | / | 230 |
| total: | 11 | 1770g | / | 655w |
| 0:06 | Acolyte |
| 0:10 | Altar of Darkness |
| 0:13 | Ziggurat |
| 0:18 | Acolyte |
| 0:34 | Crypt |
| 0:55 | Tomb of Relics |
| 0:58 | Acolyte |
| 1:35 | Ziggurat |
| 1:39 | Ghoul |
| 2:00 | Ghoul |
| 2:17 | Sleep |
| 2:20 | Ghoul |
| 2:23 | Rod of Necromancy |
| 2:28 | Ghoul |
| 2:51 | Ghoul |
| 3:06 | Ghoul |
| 3:42 | Vampiric Aura |
| 3:47 | Cannibalize |
| 3:48 | Halls of the Dead |
| 4:09 | Ghoul |
| 4:14 | Ziggurat |
| 4:57 | Graveyard |
| 5:22 | Ghoul |
| 5:44 | Ghoul |
| 6:27 | Vampiric Aura |
| 6:38 | Spirit Tower |
| 6:38 | Black Citadel |
| 6:48 | Satyr Shadowdancer |
| 6:49 | Furbolg Shaman |
| 7:30 | Temple of the Damned |
| 7:34 | Slaughterhouse |
| 7:39 | Impale |
| 8:17 | Unholy Strength |
| 8:35 | Necromancer |
| 8:36 | Necromancer |
| 8:40 | Ziggurat |
| 8:43 | Ziggurat |
| 9:03 | Ghoul Frenzy |
| 9:07 | Disease Cloud |
| 9:24 | Necromancer Adept Training |
| 9:42 | Necromancer |
| 9:45 | Abomination |
| 10:22 | Abomination |
| 11:15 | Abomination |
| 11:16 | Necromancer |
| 11:32 | Carrion Swarm |
| 12:02 | Abomination |
| 12:07 | Necromancer |
| 12:40 | Orb of Corruption |
| 12:40 | Scroll of Town Portal |
| 12:47 | Necromancer |
| 12:55 | Spiked Carapace |
| 14:04 | Abomination |
| 14:05 | Necromancer |
| Right click | 498 |
| Select group | 373 |
| Select | 150 |
| Build/train/purchase | 54 |
| Assign group | 26 |
| Use ability | 25 |
| Chat | 7 |
| Resource trade | 5 |
| Minimap ping | 3 |
| Misc. action | 2 |
| Item give/drop | 1 |
| Esc | 1 |


| Potion of Healing | 1 | 150 |
| Potion of Mana | 1 | 200 |
| total: | 2 | 350g |
| Acolyte | 2 | 150 | / | 0 |
| Ghoul | 9 | 1080 | / | 0 |
| Crypt Fiend | 7 | 1505 | / | 280 |
| Necromancer | 6 | 870 | / | 120 |
| Obsidian Statue | 4 | 800 | / | 140 |
| Abomination | 1 | 240 | / | 70 |
| total: | 29 | 4645g | / | 610w |
| Crypt | 1 | 200 | / | 50 |
| Ziggurat | 5 | 750 | / | 250 |
| Altar of Darkness | 1 | 180 | / | 50 |
| Graveyard | 1 | 215 | / | 0 |
| Tomb of Relics | 1 | 130 | / | 30 |
| Slaughterhouse | 1 | 140 | / | 135 |
| Temple of the Damned | 1 | 155 | / | 140 |
| Halls of the Dead | 1 | 320 | / | 210 |
| Black Citadel | 1 | 325 | / | 230 |
| total: | 11 | 1770g | / | 655w |
| 0:04 | Acolyte |
| 0:04 | Acolyte |
| 0:21 | Crypt |
| 0:24 | Ziggurat |
| 0:38 | Altar of Darkness |
| 1:02 | Ziggurat |
| 1:23 | Ghoul |
| 1:40 | Ghoul |
| 1:50 | Graveyard |
| 1:55 | Ghoul |
| 2:09 | Tomb of Relics |
| 2:20 | Ghoul |
| 2:20 | Ghoul |
| 2:21 | Ghoul |
| 2:21 | Ghoul |
| 2:37 | Ghoul |
| 2:54 | Death Coil |
| 3:01 | Ghoul |
| 3:22 | Halls of the Dead |
| 3:51 | Crypt Fiend |
| 4:08 | Ziggurat |
| 4:26 | Crypt Fiend |
| 5:03 | Crypt Fiend |
| 5:28 | Unholy Aura |
| 6:34 | Slaughterhouse |
| 6:39 | Temple of the Damned |
| 6:45 | Crypt Fiend |
| 6:52 | Potion of Healing |
| 7:05 | Potion of Mana |
| 7:12 | Frost Nova |
| 7:44 | Necromancer |
| 7:49 | Obsidian Statue |
| 7:55 | Ziggurat |
| 7:57 | Ziggurat |
| 8:58 | Necromancer |
| 8:59 | Obsidian Statue |
| 9:22 | Web |
| 9:45 | Death Coil |
| 9:58 | Crypt Fiend |
| 10:00 | Necromancer |
| 10:03 | Obsidian Statue |
| 10:05 | Black Citadel |
| 10:29 | Necromancer |
| 11:20 | Frost Armor |
| 11:48 | Necromancer |
| 11:50 | Crypt Fiend |
| 11:52 | Obsidian Statue |
| 12:30 | Abomination |
| 12:44 | Crypt Fiend |
| 13:51 | Necromancer |
| Right click | 583 |
| Select group | 580 |
| Select | 288 |
| Misc. action | 99 |
| Build/train/purchase | 48 |
| Assign group | 23 |
| Use ability | 16 |
| Minimap ping | 4 |
| Item give/drop | 1 |
| Remove unit | 1 |
⇛